 Dungeon Crawl Stone Soup version 0.29-a0-323-g050149af67 (webtiles) character file.

Game seed: 18327217631005544079

1589 spaghetti the Covert (level 8, -7/50 HPs)
             Began as an Octopode Brigand on Apr 10, 2022.
             Mangled by a two-headed ogre
             ... wielding a +0 dire flail
              (28 damage)
             ... on level 6 of the Dungeon.
             The game lasted 00:09:01 (6947 turns).

spaghetti the Covert (Octopode Brigand)             Turns: 6947, Time: 00:09:02

Health: -7/50      AC:  3    Str: 11    XL:     8   Next: 92%
Magic:  17/17      EV: 14    Int: 17    God:
Gold:   222        SH:  0    Dex: 11    Spells: 7/7 levels left

rFire   . . .      SeeInvis .   h - +2 dagger (venom) {short}
rCold   . . .      Faith    .   (no shield)
rNeg    . . .      Spirit   .   (helmet restricted)
rPois   .          Reflect  .   (no amulet)
rElec   .          Harm     .   n - ring "Qeysufod" {MP+9 Int+4 Dex-4 Stlth+}
rCorr   .          Rampage  .   (no ring)
Will    .....                   (no ring)
Stlth   ++++++++..              (no ring)
HPRegen 0.16/turn               (no ring)
MPRegen 0.15/turn               (no ring)
                                (no ring)
                                (no ring)

@: no status effects
A: almost no armour, amphibious, 8 rings, camouflage 1, gelatinous body 1,
(nimble swimmer 1), tentacles, iridescent scales 1, deterioration 1, evolution 1
a: no special abilities


You were on level 6 of the Dungeon.
You visited 1 branch of the dungeon, and saw 6 of its levels.

You collected 222 gold pieces.


Innate Abilities, Weirdness & Mutations

You cannot wear most types of armour.
You are amphibious.
You can wear up to eight rings at the same time.
Your skin changes colour to match your surroundings (Stealth+).
Your rubbery body absorbs attacks. (AC +1, EV +1)
((You are camouflaged when in or above water. (Stealth+)))
You have tentacles for arms and can constrict up to eight enemies at once.
You are partially covered in iridescent scales. (AC +2)
Your body sometimes deteriorates upon taking damage.
You have hidden genetic potential.


   Skills:
 - Level 2.0 Fighting
 - Level 2.3 Short Blades
 - Level 2.0 Throwing
 - Level 4.4 Dodging
 + Level 14.6 Stealth


You had 7 spell levels left.
You didn't know any spells.
Your spell library contained the following spells:

 Spells                   Type           Power      Damage    Failure   Level
 Sandblast                Erth           0%         2d4       24%         1
 Passwall                 Tmut/Erth      0%         N/A       34%         2
 Stone Arrow              Conj/Erth      0%         3d7       56%         3

Inventory:

Hand Weapons
 a - a +2 dagger {short}
 h - a +2 dagger of venom (weapon) {short}
   (You took it off a kobold on level 1 of the Dungeon)
 p - a +0 rapier {short}
   (You took it off Eustachio on level 4 of the Dungeon)
Missiles
 b - 7 poisoned darts (quivered) {throwing}
 c - 3 curare-tipped darts {=fthrowing}
 f - 121 stones {throwing}
 o - 5 atropa-tipped darts {throwing}
 q - 2 throwing nets {=f!fthrowing}
 s - 2 boomerangs {throwing}
Jewellery
 n - the ring "Qeysufod" (left tentacle) {MP+9 Int+4 Dex-4 Stlth+}
   (You found it on level 3 of the Dungeon)

   [ring of magical power]

   Int:       It affects your intelligence (+4).
   Dex:       It affects your dexterity (-4).
   MP:        It affects your magic capacity (+9).
   Stlth:     It makes you more stealthy.
Wands
 l - a wand of flame (56)
   (You took it off Robin on level 3 of the Dungeon)
Scrolls
 d - a scroll of torment {!r}
 g - a scroll of blinking {!r}
 i - a scroll of enchant armour
 j - 3 scrolls of summoning
 k - a scroll of immolation {!r!r}
 v - a scroll of enchant weapon
Potions
 e - 2 potions of curing {@q1}
 m - a potion of flight
 u - a potion of magic
 w - a potion of cancellation

Dungeon Overview and Level Annotations

Branches:
Dungeon (6/15)
 Temple: D:4-7

Altars:

.P..###.####...###..
##..# #.# #...... .
#..###.####....#.#
#.........##.#.# .
##.........# ...#
#..........# ##..
#..........#
##.........#
#...@.....#
#....O....#
#.........#
#......>...#
#..#.####### #..#.#
...#. #P. #.


You could see a two-headed ogre.


Message History

a +0 flail {mace}; an orc corpse
b - 3 poisoned darts {throwing} (gained 1)
b - 4 poisoned darts {throwing} (gained 1)
b - 7 poisoned darts {throwing} (gained 3) Key pressed, stopping explore.
There is a stone staircase leading up here.
Key pressed, stopping explore.
An orc and an orc priest come into view.
There are monsters nearby!
An orc comes into view.
It is wielding a +0 hand axe. 2 orcs come into view.
The helpless orc priest fails to defend itself.
You perforate the orc priest like a sieve!!!
You kill the orc priest!
The orc shouts!
Things that are here:
a +0 flail {mace}; a +0 leather armour You closely miss the orc.
The orc shouts! x3
You grab the orc. You squeeze the orc, but do no damage. You constrict the orc.
The orc barely misses you.
You hit the orc.
The orc is poisoned.
You constrict the orc.
You kill the orc!
You barely miss the orc. You grab the orc. You squeeze the orc.
You constrict the orc. The orc barely misses you. The orc closely misses you.
You hit the orc.
You kill the orc!
The orc hits you but does no damage.
You hit the orc but do no damage. Your grab misses the orc.
You barely miss the orc. You grab the orc. You squeeze the orc.
You constrict the orc.
The orc hits you with a +0 dagger. 😕 HP[-1]
You take 1 damage, and now have 49/50 hp.
You hit the orc but do no damage.
The orc is poisoned.
You constrict the orc. The orc hits you with a +0 dagger.
The orc completely misses you. 😕 HP[-3]
You take 3 damage, and now have 46/50 hp.
You are too injured to fight recklessly!
You are too injured to fight recklessly!
You are too injured to fight recklessly!
There are monsters nearby!
There are monsters nearby!
You hit the orc.
You kill the orc!
The orc hits you with a +0 dagger. 😕 HP[-1]
You take 1 damage, and now have 45/50 hp.
You hit the orc. Your grab misses the orc. You squeeze the orc.
You kill the orc!
You start resting. 😎 HP[+5]
Your hp is fully restored (50).
Items here: ))) †.
Things that are here:
a +0 dagger {short}; a +0 leather armour Key pressed, stopping explore.
Done exploring.
Done exploring.
No target in view!
Done exploring.
Done exploring.
Done exploring.
(D) Dungeon
Where to? (Enter - D:4 @ (x,y), ? - help)
There is a stone staircase leading down here.
You climb downwards.
There is a stone staircase leading up here.
A jelly is nearby!
Unknown command.
Unknown command.
A jelly is nearby!
A jelly is nearby!
The helpless jelly fails to defend itself.
You skewer the jelly like a kebab!!!
You kill the jelly!
You feel your strength returning.
No target in view!
No target in view!
No target in view!
No target in view!
No target in view!
You now have 222 gold pieces (gained 14).
A two-headed ogre comes into view.
It is wielding a +0 dire flail and a +0 giant spiked club.
Found a stone staircase leading down.
A two-headed ogre is nearby!
A two-headed ogre is nearby!
The two-headed ogre hits you with a +0 dire flail!
The two-headed ogre barely misses you.
You are too injured to fight recklessly!
You are too injured to fight recklessly!
You are too injured to fight recklessly! 😕 HP[-12]
You take 12 damage, and now have 38/50 hp.
MASSIVE DAMAGE!! (PAUSE)
You hit the two-headed ogre.
The two-headed ogre hits you with a +0 dire flail!
* * * LOW HITPOINT WARNING * * *
The two-headed ogre hits you with a +0 giant spiked club!!
Ouch! That really hurt!
You die...

Skill      XL: |  1  2  3  4  5  6  7  8 |
---------------+-------------------------+-----
Dodging        | 2 3 4 |  4.4
Stealth        | 8 9 11 14 | 14.6
Fighting       | |  2.0
Short Blades   | |  2.3
Throwing       | |  2.0

Action                   |  1- 3 |  4- 6 |  7- 9 || total
-------------------------+-------+-------+-------++-------
Melee: Dagger            |    58 |    75 |   131 ||   264
       Constrict         |    13 |    17 |    26 ||    56
       Tentacles         |     6 |     7 |    31 ||    44
       Punch             |       |     1 |     3 ||     4
       Kick              |       |       |    24 ||    24
Throw: Dart              |    15 |       |    52 ||    67
       Stone             |       |       |     2 ||     2
  Use: Scroll            |     3 |     7 |     5 ||    15
       Potion            |     1 |     7 |     7 ||    15
 Stab: Sleeping          |    10 |    11 |    14 ||    35
Armor: Skin              |       |     1 |     4 ||     5
Dodge: Dodged            |    32 |    49 |    74 ||   155

Levels and vault maps discovered:
D:1:      zaba_arrival_water, layout_loops_ring, minmay_hexomino_u4
D:2:      layout_loops_ring, dreamdust_princess_bridge, roderic_serpentine_path
D:3:      layout_basic, chequers_serial_rivers_marsh, serial_park_tiny_1,
          uniq_robin
D:4:      layout_rooms, bh_walls_and_bars, uniq_eustachio, uniq_natasha,
          uniq_crazy_yiuf_cottage, uniq_sigmund
D:5:      layout_basic, chequers_ossuary_entry_cave, uniq_blork_the_orc,
          uniq_edmund
D:6:      corexii_shantytown, layout_basic, minivault_26,
          hangedman_decor_clover_reticule

Notes
Turn   | Place    | Note
-------+----------+-------------------------------------------
     0 | D:1      | spaghetti the Octopode Brigand began the quest for the Orb.
     0 | D:1      | Reached XP level 1. HP: 14/14 MP: 1/1
     0 | D:1      | magus.rc [v1.9.6]
   155 | D:1      | Reached XP level 2. HP: 19/19 MP: 2/2
   275 | D:1      | Reached skill level 2 in Dodging
   294 | D:1      | HP: 1/19 [frozen (4)]
   296 | D:1      | Reached XP level 3. HP: 1/24 MP: 3/3
   587 | D:1      | You pick up a book of Geomancy and begin reading...
   587 | D:1      | You add the spells Sandblast, Passwall and Stone Arrow to
                  | your library.
   930 | D:1      | Reached skill level 3 in Dodging
  1113 | D:2      | HP: 4/24 [gnoll/+0 spear (7)]
  1114 | D:2      | Reached XP level 4. HP: 5/29 MP: 4/4
  1114 | D:2      | HP: 1/29 [gnoll/+0 spear (9)]
  1724 | D:2      | Reached skill level 4 in Dodging
  2211 | D:3      | Reached XP level 5. HP: 33/34 MP: 5/5
  2228 | D:3      | Identified the ring "Qeysufod" {MP+9 Int+4 Dex-4 Stlth+}
  2521 | D:3      | Noticed Robin
  2765 | D:3      | Killed Robin
  2774 | D:3      | Reached skill level 6 in Stealth
  3517 | D:4      | Noticed Sigmund
  3517 | D:4      | Noticed a black bear
  3520 | D:4      | Killed Sigmund
  3521 | D:4      | Reached skill level 8 in Stealth
  3521 | D:4      | Reached XP level 6. HP: 39/39 MP: 6/6
  3527 | D:4      | Killed a black bear
  3528 | D:4      | Reached skill level 9 in Stealth
  3532 | D:4      | HP: 9/39 [poisoned by an adder]
  3786 | D:4      | Reached XP level 7. HP: 45/45 MP: 7/7
  3807 | D:4      | Noticed Eustachio
  3817 | D:4      | Killed Eustachio
  3818 | D:4      | Reached skill level 10 in Stealth
  4126 | D:4      | Reached skill level 11 in Stealth
  4163 | D:4      | Noticed Natasha
  4168 | D:4      | Killed Natasha
  4184 | D:4      | Noticed Natasha
  4189 | D:4      | Killed Natasha
  4191 | D:4      | Gained mutation: One of your tentacles bears a spike.
                  | [potion of mutation]
  4191 | D:4      | Gained mutation: You are strong-willed. (Will+) [potion of
                  | mutation]
  4191 | D:4      | Gained mutation: Your body sometimes deteriorates upon
                  | taking damage. [potion of mutation]
  4370 | D:4      | Noticed Natasha
  4381 | D:4      | Killed Natasha
  4491 | D:4      | Found a runed translucent door.
  4492 | D:4      | Noticed Crazy Yiuf
  4559 | D:4      | Killed Crazy Yiuf
  4602 | D:5      | Entered Level 5 of the Dungeon
  4748 | D:5      | Reached XP level 8. HP: 21/50 MP: 8/8
  4751 | D:5      | HP: 11/50 [orc/+0 flail (10)]
  4759 | D:5      | HP: 7/50 [orc/+0 flail (6)]
  5099 | D:5      | Reached skill level 12 in Stealth
  5101 | D:5      | HP: 12/50 [gnoll/+0 spear (9)]
  5590 | D:5      | HP: 11/50 [something (5)]
  5593 | D:5      | Reached skill level 13 in Stealth
  5804 | D:5      | Noticed Blork the orc
  5809 | D:5      | Lost mutation: Your body sometimes deteriorates upon taking
                  | damage. [potion of mutation]
  5809 | D:5      | Lost mutation: One of your tentacles bears a spike. [potion
                  | of mutation]
  5809 | D:5      | Lost mutation: You are strong-willed. (Will+) [potion of
                  | mutation]
  5809 | D:5      | Gained mutation: Your muscles are strong. (Str +2) [potion
                  | of mutation]
  5809 | D:5      | Gained mutation: You are strong-willed. (Will+) [potion of
                  | mutation]
  5810 | D:5      | Lost mutation: Your muscles are strong. (Str +2) [potion of
                  | mutation]
  5810 | D:5      | Lost mutation: You are strong-willed. (Will+) [potion of
                  | mutation]
  5810 | D:5      | Gained mutation: Your body sometimes deteriorates upon
                  | taking damage. [potion of mutation]
  5810 | D:5      | Gained mutation: You are clumsy. (Dex -2) [potion of
                  | mutation]
  5810 | D:5      | Gained mutation: Your spells are a little harder to cast,
                  | but a little more powerful. [potion of mutation]
  5810 | D:5      | Gained mutation: You are strong-willed. (Will+) [potion of
                  | mutation]
  5811 | D:5      | Lost mutation: You are strong-willed. (Will+) [potion of
                  | mutation]
  5811 | D:5      | Lost mutation: Your spells are a little harder to cast, but
                  | a little more powerful. [potion of mutation]
  5811 | D:5      | Lost mutation: You are clumsy. (Dex -2) [potion of
                  | mutation]
  5811 | D:5      | Gained mutation: You have hidden genetic potential. [potion
                  | of mutation]
  5811 | D:5      | Gained mutation: You are partially covered in iridescent
                  | scales. (AC +2) [potion of mutation]
  5818 | D:5      | Killed Blork the orc
  5884 | D:5      | Noticed Edmund
  5900 | D:5      | HP: 12/50 [Edmund/+2 antimagic dire flail (4)]
  5902 | D:5      | Killed Edmund
  5903 | D:5      | Reached skill level 14 in Stealth
  6942 | D:6      | Noticed a two-headed ogre
  6947 | D:6      | Mangled by a two-headed ogre

Vanquished Creatures
  Sigmund (D:4)
  Eustachio (D:4)
  Edmund (D:5)
  A sky beast (D:5)
  A black bear (D:4)
  An ogre (D:5)
  A centaur (D:4)
  A necrophage (D:5)
  Blork the orc (D:5)
  2 orc priests (D:5)
  6 hounds
  A jelly (D:6)
  Crazy Yiuf (D:4)
  An iguana (D:5)
  An orc wizard (D:5)
  Natasha (thrice) (D:4)
  Robin (D:3)
  11 gnolls
  5 adders
  3 worms
  3 dart slugs (D:1)
  15 orcs
  10 endoplasms
  4 giant cockroaches
  11 hobgoblins
  3 quokkas
  4 ball pythons
  6 bats
  12 goblins
  7 kobolds
  4 rats
123 creatures vanquished.

Vanquished Creatures (collateral kills)
  An endoplasm (D:4)
1 creature vanquished.

Grand Total: 124 creatures vanquished

Table legend:
 A = Non-vault XP
 B = Vault XP
 C = Vault XP percentage of total XP
 D = Non-vault monster count
 E = Vault monster count
 F = Vault count percentage of total count
                 A         B        C        D         E       F
            +---------+---------+-------+---------+---------+-------
      Total |    1485 |     785 |  34.6 |     103 |      21 |  16.9
            +---------+---------+-------+---------+---------+-------
        D:1 |      57 |       5 |   8.1 |      29 |       4 |  12.1
        D:2 |     101 |       0 |   0.0 |      11 |       0 |   0.0
        D:3 |      35 |      36 |  50.7 |      13 |      11 |  45.8
        D:4 |     469 |     488 |  51.0 |      21 |       4 |  16.0
        D:5 |     781 |     256 |  24.7 |      28 |       2 |   6.7
        D:6 |      42 |       0 |   0.0 |       1 |       0 |   0.0
            +---------+---------+-------+---------+---------+-------

Illustrated notes

Table legend:
 A = Kills in this place as a percentage of kills in entire the game.
 B = Kills by you in this place as a percentage of kills by you in the entire game.
 C = Kills by friends in this place as a percentage of kills by friends in the entire game.
 D = Other kills in this place as a percentage of other kills in the entire game.
 E = Experience gained in this place as a percentage of experience gained in the entire game.
 F = Experience gained in this place divided by the number of levels of this place that you have seen.
                   A       B       C       D       E      F
               +-------+-------+-------+-------+-------+----------------------
         Total | 100.0 | 100.0 | 100.0 |   N/A | 100.0 | 378.3
       Dungeon | 100.0 | 100.0 | 100.0 |   N/A | 100.0 | 378.3
               +-------+-------+-------+-------+-------+----------------------

Table legend: (Time is in decaauts)
 A = Elapsed time spent in this place.
 B = Non-inter-level travel time spent in this place.
 C = Inter-level travel time spent in this place.
 D = Time resting spent in this place.
 E = Time spent auto-exploring this place.
 F = Levels seen in this place.
 G = Mean time per level.
                   A        B        C        D        E       F      G
               +--------+--------+--------+--------+--------+-----+--------+
         Total |   6921 |   6728 |    193 |   2592 |   3340 |   6 | 1153.5 |
       Dungeon |   6921 |   6728 |    193 |   2592 |   3340 |   6 | 1153.5 |
               +--------+--------+--------+--------+--------+-----+--------+

Top non-repeatable levels by time:
     D:5: 1997 daAuts
     D:4: 1386 daAuts
     D:3: 1317 daAuts
     D:2: 1106 daAuts
     D:1: 1088 daAuts
     D:6: 24 daAuts
